 Dungeon Crawl Stone Soup version 0.31-a0-1008-g5b978dac0e (webtiles) character file.

Game seed: 14188044942422605849

(classic levelgen) 0 Amnesiac the Stinger (level 1, -2/15 HPs)
             Began as a Djinni Conjurer on Nov 12, 2023.
             Slain by a gnoll
             ... wielding a +0 flail
              (6 damage)
             ... on level 3 of the Dungeon.
             The game lasted 00:00:24 (76 turns).

Amnesiac the Stinger (Djinni Conjurer)                Turns: 76, Time: 00:00:25

Health: -2/15      AC:  2    Str:  6    XL:     1   Next: 11%
Gold:   0          EV: 12    Int: 19    God:
                   SH:  0    Dex: 11

rFire   + + .        (no weapon)
rCold   x . .        (no shield)
rNeg    . . .        a - +0 robe
rPois   ∞            (no helmet)
rElec   .            (no cloak)
rCorr   .            (no gloves)
SInv    .            (boots unavailable)
Will    .....        (no amulet)
Stlth   ++           (no ring)
HPRegen 0.22/turn    (no ring)
MPRegen 0.00/turn

%: infuse magic (-3 HP)
@: flying
A: sickness immunity, fire resistance 2, cold vulnerability 1, float, innate
caster, HP casting, extra vitality 1
a: no special abilities


You were on level 3 of the Dungeon.
You visited 1 branch of the dungeon, and saw 3 of its levels.

Inventory:

Armour
 a - a +0 robe (worn)
 b - a +0 cloak


   Skills:
 - Level 2.1 Dodging
 - Level 1.5 Stealth
 + Level 3.4 Spellcasting
 + Level 3.4 Conjurations
 + Level 3.4 Hexes
   Level 0.0 Charms
 + Level 3.4 Summonings
 + Level 3.4 Necromancy
 + Level 3.4 Translocations
 + Level 3.4 Transmutations
 + Level 3.4 Fire Magic
 + Level 3.4 Ice Magic
 + Level 3.4 Air Magic
 + Level 3.4 Earth Magic
 + Level 3.4 Poison Magic


You knew the following spells:

 Your Spells              Type           Power      Damage    Failure   Level
a - Magic Dart            Conj           64%        1d6       3%          1
b - Iskenderun's Mystic   Conj/Tloc      16%        2d5       34%         4
d - Dazzling Flash        Conj/Hex       32%        N/A       11%         3
e - Searing Ray           Conj           32%        2d5       5%          2
w - Fulminant Prism       Conj/Hex       8%         3d7       34%         4
Your spell library was empty.

Dungeon Overview and Level Annotations

Branches:
Dungeon (3/15)

Altars:


Innate Abilities, Weirdness & Mutations

You are immune to sickness and miasma.
You are immune to poison.
Your flesh is very heat resistant. (rF++)
You are vulnerable to cold. (rC-)
You float through the air rather than walking.
You learn spells naturally, not from books.
Your magical power is your life essence.
You have superior vitality. (+4 MHP)


Message History

Welcome, Amnesiac the Djinni Conjurer.
A smirking vizier told you that the Orb of Zot is just within this dungeon.
Press ? for a list of commands and other information.
Found a staircase leading out of the dungeon.
You begin with the following spells memorised: Magic Dart, Searing Ray, Dazzling Flash, Fulminant Prism, Iskenderun's Mystic Blast.
You reach down and open the door.
There is an open door here.
You reach down and open the door.
There is an open door here.
There is an open door here.
Found a stone staircase leading down.
b - a +0 cloak
There is a stone staircase leading down here.
You fly downwards.
There is a stone staircase leading up here.
Cast which spell? (? or * to list)
Okay, then.
Adjust (i)tems, (s)pells, or (a)bilities?
Adjust which spell? b - Searing Ray Adjust to which letter? e - Searing Ray; b - Iskenderun's Mystic Blast Cast which spell? (? or * to list)
You aren't experienced enough to cast this spell.
Okay, then.
Unknown command.
Adjust (i)tems, (s)pells, or (a)bilities?
Adjust which spell? c - Fulminant Prism Adjust to which letter? w - Fulminant Prism
Found a stone.
A frilled lizard comes into view.
Cast which spell? (? or * to list)
Aiming: Magic Dart (safe; 3% risk of failure)
Press: ? - help, Shift-Dir - straight line, f - frilled lizard
Aim: a frilled lizard (100% to hit)
The magic dart hits the frilled lizard.
You kill the frilled lizard!
You see here a frilled lizard corpse.
Found a stone staircase leading down.
There is a stone staircase leading down here.
You fly downwards.
The gnoll shouts! x2; The hobgoblin shouts!
Found 24 gold pieces.
There is a stone staircase leading up here.
The gnoll hits you with a +0 halberd!
Ouch! That really hurt!
* * * LOW HITPOINT WARNING * * *
The gnoll hits you with a +0 flail.
You die...

...........
...... ..##
....$..... ....
..# ##.....#
#####...#.###.#
.......gg......
...g...@..#
.$.....g..#
..........#
###########


You could see 3 gnolls and a hobgoblin.

Vanquished Creatures
  A frilled lizard (D:2)
1 creature vanquished.

Notes
Turn   | Place    | Note
-------+----------+-------------------------------------------
     0 | D:1      | Amnesiac the Djinni Conjurer began the quest for the Orb.
     0 | D:1      | Amnesiac set off with the following spells memorised: Magic
                  | Dart, Searing Ray, Dazzling Flash, Fulminant Prism,
                  | Iskenderun's Mystic Blast.
     0 | D:1      | Reached XP level 1. HP: 15/15 MP: 0/0
    76 | D:3      | Slain by a gnoll

Illustrated notes

Levels and vault maps discovered:
D:1:      minmay_arrival_stone_box, layout_loops_corners, kennysheep_minor_cross
D:2:      minmay_evil_eye, layout_loops_cross,
          hellmonk_ecumenical_altar_inner_sanctum, minmay_cupped
D:3:      minmay_bubble_buster, layout_rooms

Action                     || total
---------------------------++-------
   Cast: Magic Dart        ||     1
 Armour: Robe              ||     2

Table legend: (Time is in decaauts)
 A = Elapsed time spent in this place.
 B = Non-inter-level travel time spent in this place.
 C = Inter-level travel time spent in this place.
 D = Time resting spent in this place.
 E = Time spent auto-exploring this place.
 F = Levels seen in this place.
 G = Mean time per level.
                   A        B        C        D        E       F      G
               +--------+--------+--------+--------+--------+-----+--------+
         Total |     75 |     62 |     13 |      0 |     49 |   3 |   25.0 |
       Dungeon |     75 |     62 |     13 |      0 |     49 |   3 |   25.0 |
               +--------+--------+--------+--------+--------+-----+--------+

Top non-repeatable levels by time:
     D:1: 47 daAuts
     D:2: 27 daAuts
     D:3: 0 daAuts
